Map: Blackpink LE

Players

Bly

  • Race: Zerg Zerg
  • Spawn Location: 7:00

SpeCial - Winner!

  • Race: Terran Terran
  • Spawn Location: 1:00

Event: IEM Season 12 - PyeongChang

VOD

Have the link to the VOD?

Description

Time

  • Played on: Feb. 6, 2018, 1:15 a.m.
  • Length: 12:31

All games in this series

Show
View Real Time Build Order
Export as new Build Order

Bly Zerg 

Build Orders: Hatch First 

Get SALT Encoding   

  12  0:01  Drone  
  13  0:13  Overlord  
  13  0:17  Drone  
  14  0:31  Drone x2  
  14  0:35  Drone  
  17  0:51  Hatchery  
  17  0:56  Drone  
  17  0:57  Drone  
  17  1:01  Extractor  
  17  1:13  Spawning Pool  
  17  1:15  Drone  
  17  1:19  Drone  
  18  1:28  Drone  
  19  1:39  Overlord  
  19  1:50  Drone  
  20  1:59  Queen  
  20  2:01  Metabolic Boost, Zergling x2  
  23  2:02  Queen  
  23  2:05  Zergling x2  
  26  2:16  Drone x2  
  28  2:25  Drone x2  
  30  2:39  Hatchery  
  30  2:43  Overlord  
  28  2:52  Queen  
  28  2:54  Drone x2  
  32  3:03  Drone x3  
  35  3:10  Drone x2  
  37  3:18  Drone x2  
  37  3:19  Drone x2  
  40  3:25  Overlord  
  40  3:46  Drone x3  
  40  3:47  Drone, Extractor  
  42  3:50  Roach Warren  
  42  3:51  Drone x2  
  42  3:52  Drone  
  44  3:58  Queen x2  
  44  3:59  Overlord  
  48  4:12  Extractor  
  48  4:13  Overlord, Zergling x2  
  48  4:14  Zergling x10  
  53  4:37  Roach x7  
  67  4:41  Drone x4  
  67  4:42  Drone  
  67  4:44  Lair  
  72  4:50  Drone x2  
  74  4:56  Overlord  
  74  4:57  Overlord  
  74  4:59  Overlord  
  72  5:07  Drone x2  
  73  5:18  Drone x5  
  73  5:19  Drone x2  
  81  5:21  Drone x2  
  81  5:24  Overlord  
  81  5:28  Evolution Chamber  
  81  5:33  Ravager x3  
  81  5:34  Overlord  
  84  5:36  Drone x2  
  84  5:37  Drone  
  84  5:40  Overlord  
  84  5:41  Drone  
  88  5:47  Overlord  
  88  5:49  Infestation Pit  
  86  6:10  Drone x6  
  90  6:17  Extractor  
  89  6:20  Zerg Ground Armor Level 1  
  89  6:21  Drone x2, Extractor  
  89  6:22  Drone x5, Extractor  
  93  6:34  Drone x4  
  97  6:43  Overlord  
  97  6:52  Hatchery  
  96  6:55  Roach x11  
  96  6:56  Glial Reconstitution  
  118  7:05  Zergling x6  
  104  7:16  Roach  
  104  7:17  Roach x7  
  104  7:20  Drone x4  
  122  7:24  Hive  
  122  7:25  Drone  
  123  7:35  Spore Crawler  
  122  7:40  Infestor  
  122  7:41  Infestor  
  122  7:43  Drone x3  
  129  7:54  Overlord x2  
  129  7:55  Overlord  
  125  8:03  Drone x3  
  120  8:13  Roach x6  
  120  8:14  Queen x2  
  120  8:19  Overlord  
  132  8:22  Zerg Ground Armor Level 2, Roach x2  
  129  8:45  Ultralisk Cavern, Zergling x20  
  137  9:00  Drone x6  
  137  9:01  Drone  
  144  9:11  Ravager x2  
  144  9:12  Overlord, Extractor  
  144  9:15  Overlord  
  145  9:18  Evolution Chamber  
  143  9:35  Hatchery  
  143  9:36  Chitinous Plating  
  143  9:37  Ultralisk x3  
  143  9:38  Ultralisk  
  165  9:46  Ultralisk x2  
  165  9:47  Zerg Melee Weapons Level 1  
  165  9:49  Zergling x2  
  165  9:50  Overlord x2  
  172  10:09  Hatchery  
  172  10:12  Ultralisk x2  
  175  10:18  Ultralisk  
  175  10:20  Zergling x2  
  175  10:21  Overlord, Zergling x10  
  187  10:33  Spore Crawler  
  182  10:41  Ultralisk  
  147  10:53  Ultralisk  
  137  11:00  Drone  
  137  11:01  Drone x14  
  128  11:15  Ultralisk x2  
  138  11:26  Overlord  
  138  11:27  Zergling x2  
  138  11:28  Zergling x14  
  138  11:31  Extractor  
  145  11:52  Infestor x2  
  145  11:53  Zergling x12  
  155  11:55  Drone x2  
  157  12:04  Extractor  
Show
View Real Time Build Order
Export as new Build Order

SpeCial Terran - Winner!

Build Orders: Liberator Opening, Reaper Expand, Bio Tank 

Get SALT Encoding   

  12  0:00  SCV  
  13  0:12  SCV  
  14  0:18  Supply Depot  
  14  0:24  SCV  
  15  0:40  SCV  
  15  0:41  Barracks  
  16  0:43  Refinery  
  16  0:52  SCV  
  17  1:04  SCV  
  18  1:16  SCV  
  19  1:28  Reaper  
  19  1:29  Orbital Command  
  20  1:39  Command Center  
  20  1:49  Supply Depot  
  21  1:54  SCV  
  21  2:00  Marine  
  22  2:04  Factory  
  22  2:06  SCV  
  23  2:13  Refinery  
  23  2:18  SCV  
  23  2:22  Barracks Reactor  
  24  2:30  SCV  
  25  2:42  SCV  
  26  2:52  Orbital Command  
  26  2:53  Starport  
  26  2:54  SCV  
  27  3:03  Hellion x2  
  31  3:07  SCV, Barracks Tech Lab  
  32  3:18  SCV  
  32  3:19  SCV  
  34  3:20  Liberator  
  34  3:24  Hellion x2  
  38  3:30  SCV  
  38  3:31  Marine  
  40  3:36  SCV  
  40  3:39  Supply Depot  
  44  3:45  Stimpack  
  44  3:46  SCV  
  44  3:48  SCV  
  45  3:49  Marine  
  46  4:01  SCV x2  
  46  4:02  Command Center  
  48  4:14  Barracks x2  
  48  4:15  Factory Tech Lab  
  48  4:16  SCV  
  49  4:17  SCV  
  49  4:23  Starport Reactor  
  50  4:25  Supply Depot  
  50  4:28  Marine  
  50  4:29  SCV x2  
  52  4:41  SCV  
  53  4:46  Bunker  
  53  4:47  Siege Tank  
  53  4:49  Supply Depot  
  53  4:50  Marine  
  53  4:52  SCV  
  58  4:53  SCV  
  59  5:04  SCV  
  59  5:05  Starport Reactor, SCV  
  61  5:07  Marine  
  61  5:10  Marine  
  61  5:11  Engineering Bay  
  61  5:12  Engineering Bay  
  60  5:16  Refinery, Orbital Command  
  60  5:18  SCV x2  
  60  5:20  Siege Tank  
  65  5:22  Refinery, Marine  
  65  5:23  Marine  
  65  5:24  Marine  
  68  5:30  SCV x2  
  70  5:38  Terran Infantry Weapons Level 1  
  70  5:39  Terran Infantry Armor Level 1  
  70  5:41  Marine x3  
  73  5:43  Marine x2  
  73  5:45  Medivac  
  73  5:49  SCV  
  78  5:50  Supply Depot  
  78  5:57  Medivac  
  78  5:59  Marine x3  
  78  6:00  Marine  
  78  6:01  Marine  
  81  6:05  SCV x2  
  81  6:11  Siege Tank  
  81  6:12  Barracks  
  81  6:14  Barracks  
  81  6:16  Orbital Command, Marine x2  
  81  6:17  SCV x2  
  88  6:25  Supply Depot  
  88  6:27  Marine x2  
  88  6:30  Medivac  
  88  6:31  Medivac  
  92  6:34  Marine, Supply Depot  
  92  6:35  Combat Shields  
  93  6:46  SCV x3, Siege Tank, Marine x2  
  101  6:47  Marine  
  101  6:52  Supply Depot  
  100  6:56  Supply Depot  
  100  6:58  SCV  
  100  6:59  Marine x2  
  103  7:01  SCV x2, Barracks Reactor  
  103  7:04  Marine  
  101  7:10  SCV  
  101  7:12  Marine  
  101  7:15  Marine  
  101  7:17  SCV  
  101  7:18  Medivac, Siege Tank  
  101  7:20  SCV  
  108  7:22  SCV  
  108  7:25  Armory  
  108  7:26  Marine x2  
  108  7:27  Barracks Reactor  
  108  7:29  Marine  
  109  7:32  SCV x2  
  109  7:34  Marine x2  
  114  7:39  Marine  
  114  7:42  Refinery  
  114  7:43  Marine x2  
  117  7:44  Marine  
  117  7:46  Medivac  
  117  7:47  Medivac  
  117  7:49  Marine  
  123  7:52  Marine x2  
  123  7:57  Siege Tank, Marine  
  129  8:00  SCV  
  129  8:01  Marine x2  
  129  8:02  Marine  
  133  8:07  Barracks  
  133  8:09  Barracks x2, Supply Depot  
  133  8:10  Supply Depot  
  133  8:11  Supply Depot  
  133  8:13  Terran Infantry Weapons Level 2  
  133  8:17  Marine  
  133  8:18  Marine  
  133  8:19  Marine  
  133  8:21  SCV  
  133  8:23  Missile Turret  
  133  8:24  Terran Infantry Armor Level 2  
  133  8:31  SCV x2  
  133  8:33  Marine x3  
  133  8:34  Marauder, Marine x2  
  141  8:36  Medivac  
  142  8:43  Marine x2  
  142  8:46  Marine  
  145  8:51  Terran Vehicle Weapons Level 1, Marine x2  
  145  8:52  Concussive Shells  
  145  8:55  Marauder  
  149  8:56  Marine x2  
  149  9:00  Marine  
  149  9:01  Marine  
  153  9:03  Marine  
  153  9:05  Siege Tank  
  153  9:07  Command Center  
  157  9:10  Liberator, Barracks Tech Lab x2  
  157  9:11  Barracks Tech Lab  
  157  9:17  Supply Depot  
  157  9:18  Supply Depot  
  157  9:20  Marine  
  157  9:27  Marine x4  
  157  9:28  Marauder  
  157  9:29  Supply Depot  
  157  9:30  Marine  
  157  9:39  Marauder, Marine  
  157  9:43  Supply Depot, Marine x3  
  157  9:44  Marauder  
  165  9:49  Marauder  
  164  9:52  Marine  
  164  9:53  Marine x4  
  169  10:01  Marauder, Siege Tank  
  169  10:04  Marine  
  169  10:05  Marauder  
  174  10:09  Marine  
  174  10:10  Marauder  
  174  10:12  Marauder, Marine x4  
  171  10:16  Ghost Academy  
  171  10:17  Medivac x2  
  171  10:19  Planetary Fortress  
  171  10:21  Supply Depot  
  168  10:23  Marine x3  
  168  10:24  Marauder  
  168  10:25  Marine  
  168  10:27  Marine  
  175  10:29  Marine  
  175  10:33  Siege Tank, Marine x3  
  175  10:34  Marauder  
  184  10:38  Marauder  
  184  10:41  Marine  
  166  10:52  Marine x2  
  166  10:53  Marauder  
  158  10:59  SCV x4  
  158  11:03  Medivac x2  
  165  11:11  SCV x3, Ghost x3, Marine x3  
  156  11:15  Marine  
  156  11:16  Marine  
  168  11:23  SCV x3  
  168  11:24  Ghost  
  168  11:25  Marine  
  174  11:26  Refinery x2  
  174  11:39  Ghost  
  173  11:49  Command Center, Ghost  
  173  11:53  Ghost  
  177  12:02  Supply Depot  
  174  12:09  Sensor Tower, Marine  
  174  12:10  Marauder, Marine x3  

Tags
 
Add a new tag
Caveats
  • Supply blocks, unpowered buildings, or Contaminate may cause inaccurate times.
  • Supply counts are checked every 10 seconds.